 Dungeon Crawl Stone Soup version 0.29.1-15-g9cfb28693d (webtiles) character file.

Game seed: 8888354920334100249

235381 Peloso the Fencer (level 19, -3/174 HPs)
             Began as a Minotaur Fighter on Apr 16, 2023.
             Was the Champion of Okawaru.
             Slain by an earth elemental (18 damage)
             ... on level 1 of the Elven Halls.
             The game lasted 01:08:55 (26347 turns).

Peloso the Fencer (Minotaur Fighter)               Turns: 26347, Time: 01:08:57

Health: -3/174     AC: 27    Str: 25    XL:     19   Next: 25%
Magic:  20/21      EV: 13    Int:  5    God:    Okawaru [******]
Gold:   1692       SH: 16    Dex: 16    Spells: 18/18 levels left

rFire   + . .      SeeInvis .   a - +3 double sword (elec)
rCold   + . .      Faith    .   d - +0 kite shield of the Trees {Stlth+}
rNeg    . . .      Spirit   .   t - +4 plate armour of Resonance {rC+ Will+ Regen+}
rPois   .          Reflect  .   j - +1 hat {Will+}
rElec   .          Harm     .   w - +2 cloak
rCorr   +          Rampage  .   n - +0 pair of gloves of the Eight Boll Weevils {rF+ Will+ Dex+4}
Will    ++++.                   i - +0 pair of boots
Stlth   +.........              (no amulet)
HPRegen 1.19/turn               e - ring of resist corrosion
MPRegen 0.17/turn               v - +4 ring of slaying

@: heroic, studying Ice Magic
A: horns 2, retaliatory headbutt, deformed body, weak 1
a: Renounce Religion, Heroism, Finesse, Duel


You were on level 1 of the Elven Halls.
You worshipped Okawaru.
Okawaru was exalted by your worship.
You visited 4 branches of the dungeon, and saw 23 of its levels.
You visited the Abyss 1 time.
You also visited: Ossuary and Ice Cave.

You collected 3688 gold pieces.
You spent 1996 gold pieces at shops.

Inventory:

Hand Weapons
 a - a +3 double sword of electrocution (weapon)
 b - a +1 double sword of holy wrath
 c - the +9 hand axe of Modesty {spect, rC+ Int+5}
   (You found it on level 9 of the Dungeon)

   When its wielder attacks, the weapon's spirit leaps out and strikes again.
   The spirit shares a part of any damage it takes with its wielder.
   Int:       It affects your intelligence (+5).
   rC:        It protects you from cold.
 o - a +4 scimitar of flaming
Armour
 d - the +0 kite shield of the Trees (worn) {Stlth+}
   (Okawaru gifted it to you on level 9 of the Dungeon)

   Stlth:     It makes you more stealthy.
 i - a +0 pair of boots (worn)
 j - a +1 hat of willpower (worn)
 n - the +0 pair of gloves of the Eight Boll Weevils (worn) {rF+ Will+ Dex+4}
   (You acquired it in an ice cave)

   Dex:       It affects your dexterity (+4).
   rF:        It protects you from fire.
   Will:      It increases your willpower.
 t - the +4 plate armour of Resonance (worn) {rC+ Will+ Regen+}
   (You bought it in a shop on level 2 of the Dungeon)

   rC:        It protects you from cold.
   Regen:     It increases your rate of health regeneration.
   Will:      It increases your willpower.
 w - a +2 cloak (worn)
Jewellery
 e - a ring of resist corrosion (left hand)
 f - a +6 ring of dexterity
 v - a +4 ring of slaying (right hand)
 J - a ring of poison resistance
 U - a +6 ring of dexterity
Wands
 y - a wand of quicksilver (15)
 F - a wand of flame (15)
 S - a wand of roots (5)
Scrolls
 m - a scroll of amnesia
 r - a scroll of magic mapping
 s - 4 scrolls of noise
 u - 4 scrolls of fear
 x - a scroll of blinking
 B - 4 scrolls of fog
 C - 7 scrolls of identify
 D - a scroll of teleportation
 G - 2 scrolls of immolation
 I - 3 scrolls of poison
 T - a scroll of silence
Potions
 g - 3 potions of brilliance
 h - 4 potions of flight
 k - 4 potions of might
 l - 4 potions of haste
 p - 3 potions of heal wounds
 q - 4 potions of curing
 H - 2 potions of magic
 L - a potion of ambrosia


   Skills:
 + Level 16.7(21.7) Fighting
 + Level 18.1(23.1) Long Blades
 + Level 13.6(18.6) Axes
 + Level 0.9(13.8) Polearms
 + Level 16.7(21.7) Armour
 + Level 5.5(10.5) Dodging
 + Level 4.0(9.0) Stealth
 + Level 16.7(21.7) Shields
 + Level 4.2 Invocations


You had 18 spell levels left.
You didn't know any spells.
Your spell library contained the following spells:

 Spells                   Type           Power      Damage    Failure   Level
 Necrotise                Necr           0%         1d4       97%         1
 Sting                    Tmut/Pois      0%         1d3       97%         1
 Poisonous Vapours        Pois/Air       0%         N/A       99%         2
 Ignite Poison            Fire/Tmut/Pois 0%         N/A       100%        3
 Mephitic Cloud           Conj/Pois/Air  0%         N/A       100%        3
 Portal Projectile        Hex/Tloc       0%         N/A       100%        3
 Vampiric Draining        Necr           0%         2d6       100%        3
 Leda's Liquefaction      Hex/Erth       0%         N/A       100%        4
 Olgreb's Toxic Radiance  Pois           0%         N/A       100%        4
 Agony                    Necr           0%         N/A       100%        5
 Freezing Cloud           Conj/Ice/Air   0%         6-21      100%        5
 Chain Lightning          Conj/Air       0%         N/A       100%        9
 Fire Storm               Conj/Fire      0%         5d1       100%        9
 Shatter                  Erth           0%         3d5*      100%        9
 Call Canine Familiar     Summ           Unusable   N/A       N/A         3

Dungeon Overview and Level Annotations

Branches:
Dungeon (15/15)            Temple (0/1) D:5            Lair (5/5) D:8
  Swamp (0/4) Lair:3       Spider (0/4) Lair:3        Slime (0/5) Lair:4
    Orc (2/2) D:12            Elf (1/3) Orc:2        Vaults (0/5) D:14
 Depths (0/4) D:15        Ossuary (visited)           IceCv (visited)

Altars:
Elyvilon
Gozag
Hepliaklqana
Makhleb
Okawaru
Wu Jian
Zin
Jiyva

Shops:
D:2 ??[?[   D:8 *   D:11 (   Orc:1 (   Orc:2 [?[!   Elf:1 [:[?

Portals:
Trove: D:10 (give 11 potions of heal wounds)

Annotations:
D:15 Ucaicso's ghost, adept NaVM
Lair:1 Casa


Innate Abilities, Weirdness & Mutations

You have a pair of horns on your head.
You reflexively headbutt those who attack you in melee.
Armour fits poorly on your strangely shaped body.
You are weak. (Str -2)


Message History

Lightning courses through the deep elf high priest!!
You kill the deep elf high priest!
Okawaru accepts your kill.
Unknown command.
You slice the earth elemental!!
The earth elemental is heavily damaged.
The deep elf zephyrmancer mumbles some strange words.
The deep elf zephyrmancer blinks!
The deep elf high priest wields a +0 longbow.
The deep elf high priest shoots an arrow.
You block the arrow.
The deep elf archer shoots an arrow.
The arrow barely misses you. You block the earth elemental's attack.
You barely miss the earth elemental.
Your headbutt misses the earth elemental.
The earth elemental is heavily damaged.
The deep elf zephyrmancer casts a spell at you.
The bolt of lightning hits the earth elemental.
The earth elemental completely resists.
The bolt of lightning hits you!!
* * * LOW HITPOINT WARNING * * *
The deep elf high priest shoots an arrow.
You block the arrow.
The deep elf archer shoots an arrow.
The arrow hits you!
* * * LOW HITPOINT WARNING * * *
You slash the earth elemental! You headbutt the earth elemental!
The earth elemental is almost destroyed.
Unknown command.
The deep elf archer shoots an arrow.
The arrow hits you!
* * * LOW HITPOINT WARNING * * *
The deep elf zephyrmancer casts a spell at you.
The bolt of lightning hits you!!
* * * LOW HITPOINT WARNING * * *
There is a large open door, spattered with blood here.
Things that are here:
a +0 club; an orc corpse You feel better.
The deep elf zephyrmancer seems less brilliant.
The deep elf high priest unwields a +0 longbow.
The deep elf high priest closely misses you.
The deep elf archer shoots an arrow.
The arrow hits you but does no damage. The earth elemental hits you!!
You die... 88

.......'.# #####
..e.....'. #...#
..#..#..#. #...+
.....e..'.## ##'.o##
........'o.###.#.#.##
..#..#..##....#####.##
........e..#.## ##.####
......)E@.#.## ##'#e.
88#88#88#.)## ##...
########.###########?...
.........'........'.....
.........##########.....
.........# #.....
#.....'## ##....
###.###.## ##... ##
##.####### ##..


You could see a deep elf archer (empowered, repels missiles), a deep elf high
priest, an earth elemental and a deep elf zephyrmancer.

Vanquished Creatures
  2 tentacled starspawn (Abyss:3)
  2 acid blobs (Lair:4)
  Donald (Elf:1)
  A reaper (IceCv)
  A stone giant (D:15)
  2 deep elf high priests (Elf:1)
  A deep elf death mage (Elf:1)
  Josephine (Orc:1)
  A vault guard (D:14)
  9 hydras
  Erolcha (D:10)
  3 boulder beetles
  6 centaur warriors
  7 catoblepae
  2 ogre magi (Orc:1)
  12 two-headed ogres
  11 death yaks
  3 dancing weapons (Elf:1)
  3 tengu warriors (D:15)
  4 hell hogs (Abyss:3)
  A vampire mage (Abyss:3)
  Urug (D:13)
  4 deep elf knights (Elf:1)
  A wretched star (Abyss:3)
  4 skeletal warriors (D:14)
  A glowing orange brain (Abyss:3)
  An orc knight (Orc:2)
  4 deep elf archers (Elf:1)
  2 deep trolls
  A wizard (D:14)
  2 bog bodies (Lair:3)
  10 deep elf pyromancers
  2 deep elf zephyrmancers (Elf:1)
  2 wolf spiders (Lair:2)
  4 cyclopes
  6 ugly things
  2 orc sorcerers
  5 manticores
  Maurice (Orc:2)
  A centaur zombie (D:13)
  12 elephants
  A spectral centaur (D:13)
  A cane toad (shapeshifter) (D:14)
  An ice statue (IceCv)
  An orange demon (Abyss:3)
  3 black mambas
  A torpor snail (Lair:5)
  A gargoyle (D:13)
  2 centaur skeletons (D:13)
  4 cane toads
  3 rime drakes
  4 unseen horrors
  8 komodo dragons
  4 efreet
  2 kobold demonologists (D:12)
  An ice devil (IceCv)
  3 tengu conjurers (D:12)
  A freezing wraith (IceCv)
  2 anaconda simulacra (IceCv)
  12 trolls
  3 meliai (D:13)
  2 polar bears
  A hornet (D:9)
  8 raiju (Abyss:3)
  8 blink frogs
  14 slime creatures
  11 dream sheep
  An air elemental (Elf:1)
  10 starcursed masses (Abyss:3)
  8 wyverns
  6 wraiths
  A dire elephant simulacrum (IceCv)
  A flying skull (Abyss:3)
  2 water elementals (Elf:1)
  A shadow (Abyss:3)
  Eustachio (D:4)
  2 basilisks
  2 fire elementals (Elf:1)
  52 yaks
  A chaos spawn (Abyss:3)
  2 neqoxecs (Abyss:3)
  2 redbacks (Lair:3)
  8 vampire mosquitoes
  2 wargs
  A naga (shapeshifter) (D:14)
  A death yak simulacrum (IceCv)
  A harpy simulacrum (IceCv)
  2 hydra simulacra (IceCv)
  3 acid dragons
  10 water moccasins
  20 orc warriors
  2 sky beasts (D:7)
  4 black bears
  13 centaurs
  22 ogres
  8 wolves (Lair:2)
  5 large abominations (Abyss:3)
  A phantom (D:5)
  5 kobold brigands
  4 small abominations (Abyss:3)
  12 bullfrogs
  2 necrophages
  5 gnoll sergeants
  An earth elemental (Elf:1)
  9 two-headed ogre simulacra
  5 wights
  7 killer bees
  2 elephant simulacra (IceCv)
  A crimson imp (Abyss:3)
  3 human zombies (Ossuary)
  5 hounds
  14 orc priests
  A gnoll bouda (D:6)
  6 jellies
  27 orc wizards
  3 iguanas
  12 spriggan simulacra
  3 troll simulacra
  A boggart skeleton (D:13)
  A polar bear simulacrum (D:12)
  2 wolf simulacra (IceCv)
  3 mummies (Ossuary)
  Robin (D:2)
  17 gnolls
  9 adders
  5 naga simulacra
  7 white imps
  8 ufetubi
  3 adder zombies (Ossuary)
  A worm (D:4)
  3 dart slugs
  72 orcs
  3 endoplasms
  4 giant cockroaches
  10 hobgoblins
  21 kobolds
  3 quokkas
  6 ball pythons
  2 bats (D:1)
  4 frilled lizards
  A gnoll zombie (Ossuary)
  11 goblins
  2 goblin zombies (Ossuary)
  A hobgoblin zombie (Ossuary)
  4 kobold zombies (Ossuary)
  3 quokka zombies (Ossuary)
  4 rats
  A rat zombie (Ossuary)
  A starspawn tentacle (Abyss:3)
778 creatures vanquished.

Vanquished Creatures (others)
  A deep elf knight (Elf:1)
  A raiju (Abyss:3)
  An air elemental (Elf:1)
  3 small abominations (Abyss:3)
  4 orc priests
  An orc (Elf:1)
  18 fungi
  13 plants
  10 starspawn tentacles (Abyss:3)
52 creatures vanquished.

Grand Total: 830 creatures vanquished

Notes
Turn   | Place    | Note
-------+----------+-------------------------------------------
     0 | D:1      | Peloso the Minotaur Fighter began the quest for the Orb.
     0 | D:1      | Reached XP level 1. HP: 19/19 MP: 0/0
    84 | D:1      | Reached XP level 2. HP: 27/27 MP: 1/1
   493 | D:1      | Reached XP level 3. HP: 31/33 MP: 2/2
   733 | D:2      | Found a glowing silver altar of Zin.
   751 | D:2      | Reached skill level 3 in Long Blades
   827 | D:2      | Found Cuec's Magic Scroll Shop.
   830 | D:2      | Found Wuabbico's Antique Armour Boutique.
   834 | D:2      | Bought a scroll of identify for 24 gold pieces
  1023 | D:2      | Noticed Robin
  1038 | D:2      | Killed Robin
  1267 | D:2      | Found Kaonouz's Magic Scroll Boutique.
  1328 | D:2      | Found Fuet's Antique Armour Shoppe.
  1371 | D:2      | Found Jack's Magic Scroll Shoppe.
  1374 | D:2      | Reached XP level 4. HP: 40/40 MP: 3/3
  1422 | D:2      | Found a faded altar of an unknown god.
  1900 | D:3      | Found an iron altar of Okawaru.
  1911 | D:3      | Became a worshipper of Warmaster Okawaru
  3232 | D:4      | Noticed a black bear
  3239 | D:4      | Killed a black bear
  3240 | D:4      | Reached skill level 4 in Long Blades
  3240 | D:4      | Reached skill level 5 in Armour
  3240 | D:4      | Reached XP level 5. HP: 35/47 MP: 4/4
  3384 | D:4      | Noticed Eustachio
  3409 | D:4      | Killed Eustachio
  3410 | D:4      | Reached skill level 5 in Long Blades
  3410 | D:4      | Reached skill level 1 in Dodging
  3410 | D:4      | Reached XP level 6. HP: 29/53 MP: 5/5
  3770 | D:4      | Reached * piety under Okawaru
  3771 | D:4      | Reached skill level 5 in Fighting
  3808 | D:4      | Found a white marble altar of Elyvilon.
  3920 | D:4      | Reached XP level 7. HP: 26/61 MP: 6/6
  3924 | D:4      | Reached skill level 6 in Long Blades
  4503 | D:4      | Reached skill level 5 in Shields
  4970 | D:5      | Entered Level 5 of the Dungeon
  4982 | D:5      | Identified the +1 leather armour of the Butterfly {Harm rC+
                  | Slay-3}
  5109 | D:5      | Found a sand-covered staircase.
  5123 | D:5      | Reached skill level 7 in Long Blades
  5130 | Ossuary  | Entered an ossuary
  5330 | Ossuary  | Reached XP level 8. HP: 61/70 MP: 7/7
  5770 | D:5      | Reached ** piety under Okawaru
  5780 | D:5      | Reached skill level 8 in Long Blades
  6141 | D:5      | Found a staircase to the Ecumenical Temple.
  6455 | D:6      | Reached skill level 9 in Long Blades
  6903 | D:6      | Reached *** piety under Okawaru
  6973 | D:6      | Reached XP level 9. HP: 54/78 MP: 8/8
  7407 | D:7      | Reached skill level 10 in Long Blades
  7831 | D:7      | Reached skill level 11 in Long Blades
  8173 | D:2      | Bought a pitted chain mail for 228 gold pieces
  8173 | D:2      | Identified the +2 chain mail of Fusiloda {rF+} (You bought
                  | it in a shop on level 2 of the Dungeon)
  8270 | D:8      | Found Xulel's General Store.
  8284 | D:8      | Bought a scroll of magic mapping for 112 gold pieces
  8284 | D:8      | Identified 3 scrolls of acquirement
  8287 | D:8      | Acquired 617 gold pieces
  8388 | D:2      | Bought a smoking plate armour for 672 gold pieces
  8388 | D:2      | Identified the +4 plate armour of Resonance {rC+ Will+
                  | Regen+} (You bought it in a shop on level 2 of the Dungeon)
  8566 | D:8      | Found a staircase to the Lair.
  8611 | D:8      | Reached **** piety under Okawaru
  9064 | D:9      | Identified the +9 hand axe of Modesty {spect, rC+ Int+5}
  9098 | D:9      | Found a large runed translucent door.
  9099 | D:9      | Found a large runed translucent door.
  9370 | D:9      | Noticed a two-headed ogre
  9388 | D:9      | Killed a two-headed ogre
  9389 | D:9      | Reached skill level 12 in Long Blades
  9389 | D:9      | Reached XP level 10. HP: 70/88 MP: 6/9
  9513 | D:9      | Reached ***** piety under Okawaru
  9530 | D:9      | Reached skill level 1 in Axes
  9547 | D:9      | Identified the +0 kite shield of the Trees {Stlth+}
                  | (Okawaru gifted it to you on level 9 of the Dungeon)
  9547 | D:9      | Received a gift from Okawaru
 10049 | D:9      | Found an ornate altar of the Wu Jian Council.
 10049 | D:9      | Noticed a two-headed ogre
 10052 | D:9      | Killed a two-headed ogre
 10062 | D:9      | Found a hazy altar of Hepliaklqana.
 10140 | D:10     | Entered Level 10 of the Dungeon
 10165 | D:10     | Found a portal to a secret trove of treasure.
 10172 | D:10     | Noticed Erolcha
 10181 | D:10     | Killed Erolcha
 10272 | D:10     | Reached skill level 5 in Axes
 10274 | D:10     | Reached skill level 1 in Stealth
 10288 | D:10     | Found an opulent altar of Gozag.
 10347 | D:10     | Noticed a catoblepas
 10512 | D:10     | Reached skill level 10 in Armour
 10512 | D:10     | Reached XP level 11. HP: 97/97 MP: 10/10
 10517 | D:10     | Killed a catoblepas
 10887 | D:11     | Noticed a purple ugly thing
 10888 | D:11     | Found Litac's Antique Weapon Emporium.
 10895 | D:11     | Killed a purple ugly thing
 10896 | D:11     | Reached skill level 10 in Fighting
 11120 | D:11     | Noticed a six-headed hydra
 11245 | Lair:1   | Entered Level 1 of the Lair of Beasts
 11286 | Lair:1   | Received a gift from Okawaru
 11403 | Lair:1   | Noticed a six-headed hydra
 11618 | D:12     | Found a frozen archway.
 11642 | IceCv    | Entered an ice cave
 11672 | IceCv    | Acquired 721 gold pieces
 11976 | IceCv    | Received a gift from Okawaru
 12063 | IceCv    | Reached XP level 12. HP: 102/108 MP: 11/11
 12074 | IceCv    | Noticed a reaper
 12094 | IceCv    | Killed a reaper
 12206 | IceCv    | Identified the +0 chain mail of Free Will {Str+2 Int+4}
 12715 | D:12     | Found a staircase to the Orcish Mines.
 12721 | D:12     | Reached skill level 10 in Axes
 12916 | D:12     | Gained mutation: Armour fits poorly on your strangely
                  | shaped body. [a neqoxec]
 13061 | D:12     | Reached skill level 10 in Shields
 13062 | D:12     | Found the +0 staff of Battle
 13273 | D:12     | Reached ****** piety under Okawaru
 13352 | D:11     | Noticed a two-headed ogre
 13362 | D:11     | Killed a two-headed ogre
 13362 | D:11     | Identified the +1 pair of gloves of Ustycaha {Int+4 SInv}
                  | (Okawaru gifted it to you on level 11 of the Dungeon)
 13362 | D:11     | Received a gift from Okawaru
 13471 | D:11     | Killed a six-headed hydra
 13587 | D:11     | Identified the +12 morningstar "Wiagi" {vorpal, Int+4}
 13948 | Lair:1   | Reached skill level 1 in Invocations
 14001 | Lair:1   | Killed a 14-headed hydra
 14685 | Lair:2   | Reached XP level 13. HP: 93/117 MP: 12/12
 15654 | Lair:3   | Found a staircase to the Swamp.
 15790 | Lair:3   | Received a gift from Okawaru
 16059 | Lair:3   | Found a hole to the Spider Nest.
 16550 | Orc:1    | Entered Level 1 of the Orcish Mines
 16582 | Orc:1    | Found Ubryakal's Weapon Boutique.
 16716 | Orc:1    | Bought a +3 vorpal double sword for 671 gold pieces
 16732 | Orc:1    | Acquired the +0 pair of gloves of the Eight Boll Weevils
                  | {rF+ Will+ Dex+4}
 16749 | Orc:2    | Entered Level 2 of the Orcish Mines
 16749 | Orc:2    | Found a staircase to the Elven Halls.
 16750 | Orc:2    | Noticed Josephine
 16797 | Orc:1    | Killed Josephine
 16888 | Orc:1    | Received a gift from Okawaru
 17057 | Orc:2    | Noticed Maurice
 17070 | Orc:1    | Reached skill level 13 in Long Blades
 17118 | Orc:2    | Reached XP level 14. HP: 65/129 MP: 13/13
 17121 | Orc:2    | Killed Maurice
 17155 | Orc:2    | Identified the +3 kite shield "Odaoqoca" {-Tele rN+ Regen+}
                  | (Okawaru gifted it to you on level 2 of the Orcish Mines)
 17155 | Orc:2    | Received a gift from Okawaru
 17254 | Orc:2    | Found Boqaa's Armour Boutique.
 17256 | Orc:2    | Found Lalif's Armour Emporium.
 17261 | Orc:2    | Found Cuocoata's Distillery.
 17270 | Orc:2    | Found Qis Fozo's Magic Scroll Boutique.
 17324 | Orc:1    | Reached skill level 14 in Long Blades
 17435 | Orc:2    | Bought a scroll of blinking for 97 gold pieces
 17440 | Orc:2    | Bought a potion of mutation for 80 gold pieces
 17656 | Orc:2    | Found a burning altar of Makhleb.
 18948 | D:13     | Noticed Urug
 18954 | D:13     | Killed Urug
 20004 | Lair:4   | Found a runed translucent door.
 20005 | Lair:4   | Found a viscous altar of Jiyva.
 20006 | Lair:4   | Noticed an acid blob
 20006 | Lair:4   | Noticed an acid blob
 20007 | Lair:4   | Found a staircase to the Slime Pits.
 20016 | Lair:4   | Killed an acid blob
 20017 | Lair:4   | Reached skill level 15 in Long Blades
 20021 | Lair:4   | Killed an acid blob
 20092 | Lair:4   | Received a gift from Okawaru
 20903 | Lair:5   | Entered Level 5 of the Lair of Beasts
 21212 | Lair:5   | Reached XP level 15. HP: 85/138 MP: 15/15
 21590 | Lair:5   | Reached skill level 16 in Long Blades
 21881 | Lair:5   | Received a gift from Okawaru
 22501 | D:14     | Reached skill level 15 in Armour
 22537 | D:14     | Found a gate to the Vaults.
 22668 | D:14     | Reached skill level 15 in Shields
 23207 | D:14     | You fall into a shaft and drop 1 floor!
 23207 | D:15     | Entered Level 15 of the Dungeon
 23207 | D:15     | Found a large runed translucent door.
 23207 | D:15     | Found a large runed translucent door.
 23210 | D:15     | Noticed Ucaicso's ghost (adept NaVM)
 23590 | D:15     | Reached skill level 15 in Fighting
 23614 | D:15     | Found a staircase to the Depths.
 24619 | Elf:1    | Entered Level 1 of the Elven Halls
 24708 | Elf:1    | Found Xuw Viov's Armour Shop.
 24726 | Elf:1    | Paralysed by an air elemental for 1 turns
 24806 | Elf:1    | Noticed Donald
 24812 | Elf:1    | Killed Donald
 24812 | Elf:1    | Received a gift from Okawaru
 24877 | Elf:1    | Found Ulaejif's Armour Emporium.
 24989 | Elf:1    | Found Qogrih's Book Shoppe.
 25047 | Abyss:3  | Cast into level 3 of the Abyss (+0 long sword of
                  | distortion)
 25153 | Abyss:3  | Reached skill level 17 in Long Blades
 25172 | Abyss:3  | Found a sparkling altar of Nemelex Xobeh.
 25180 | Abyss:3  | Reached XP level 16. HP: 63/149 MP: 16/16
 25181 | Abyss:3  | Reached XP level 17. HP: 67/157 MP: 16/18
 25182 | Abyss:3  | Reached skill level 5 in Dodging
 25182 | Abyss:3  | Reached XP level 18. HP: 72/166 MP: 16/20
 25213 | Abyss:3  | Found an opulent altar of Gozag.
 25238 | Abyss:3  | Reached XP level 19. HP: 52/172 MP: 21/21
 25313 | Abyss:3  | Gained mutation: You are weak. (Str -2) [a neqoxec]
 25429 | Abyss:3  | HP: 2/172 [smoke demon/divine providence (16)]
 25437 | Abyss:3  | Noticed an ancient lich
 25531 | Elf:1    | Escaped the Abyss
 25543 | Elf:1    | Identified the +1 pair of gloves of the Realm of Zot
                  | {rElec} (Okawaru gifted it to you on level 1 of the Elven
                  | Halls)
 25543 | Elf:1    | Received a gift from Okawaru
 25640 | Elf:1    | Found Zyucem's Magic Scroll Shop.
 25649 | Elf:1    | Bought a scroll of blinking for 112 gold pieces
 26162 | Elf:1    | Reached skill level 18 in Long Blades
 26346 | Elf:1    | HP: 3/174 [deep elf zephyrmancer/bolt of lightning (23)]
 26347 | Elf:1    | Slain by an earth elemental

Illustrated notes

Levels and vault maps discovered:
D:1:      minmay_arrival_shoal_huts, layout_basic
D:2:      layout_rooms, shapermc_ecumenical_altar_ellora, serial_shops,
          nicolae_shop_stone, nicolae_shop_advertising_works
          [nicolae_subvault_shop_adworks], shop, nicolae_shop_hallway_plus,
          nicolae_shop_stone, basic_altar, serial_co_window_serial,
          co_window_of_opportunity_a, co_window_paths_b,
          co_window_of_opportunity_a, co_window_paths_b, co_window_corner_a,
          co_window_of_opportunity_c, co_window_corner_ca, co_window_2corner,
          co_window_broadway_a, co_window_4corner_a, glass_columns_a, uniq_robin
D:3:      layout_basic, okawaru_gym_becter, feat_on_display
D:4:      layout_basic, mainiacjoe_overflow_brackets, minmay_pentangle,
          uniq_eustachio
D:5:      layout_cave_pools, minmay_temple_entry_wispy, enter_ossuary_2,
          serial_bayou_pond_e, st_stairs_14
D:6:      layout_loops_ring
D:7:      layout_cave_pools
D:8:      layout_loops_ring, lair_entry_dummy, serial_shops, nicolae_shop_stone,
          wad_dig_loot
D:9:      minmay_angry_zag, layout_long_grid, jmf_multi_god_temple2
D:10:     layout_rooms, nicolae_gozag_cash_rules_everything_around_me,
          serial_rivers, chequers_serial_rivers_large_b,
          chequers_serial_rivers_large_a, chequers_serial_rivers_room_b,
          chequers_serial_rivers_micro_c, chequers_serial_rivers_micro_e,
          chequers_serial_rivers_room_a, enter_trove_1, uniq_erolcha
D:11:     layout_rooms, serial_shops, shop_fountains
D:12:     layout_rooms, kennysheep_orc_monster_closet_entryway,
          portal_ice_cave_entry_ice_simulacra, grunt_ministairs_12,
          hellmonk_guarded_unrand_staff_of_battle
D:13:     layout_gridville, hangedman_weighted_door, uniq_urug
D:14:     layout_small_grid, david_vaults_5, serial_bayou_pond_a
D:15:     grunt_enter_depths_snipers, layout_basic, ebering_ghost_disaster_area
Lair:1:   layout_long_grid, infiniplex_staircase_pool_2
Lair:2:   layout_gridlike, nicolae_lair_run_with_the_wolves, grunt_megastairs_5,
          serial_bayou_shore_b
Lair:3:   layout_long_grid, skrybe_swamp_entry_bodies, spider_nest_entry_webs,
          grunt_megastairs_2
Lair:4:   layout_gridlike, slime_entry_2
Lair:5:   evilmike_catoblepas_cave, layout_long_grid, grunt_megastairs_1
Orc:1:    layout_diamond_mine, basic_altar, serial_shops, nicolae_shop_stone
Orc:2:    st_orc_open, layout_caves, bloody_makhleb, uniq_maurice,
          uniq_josephine
Elf:1:    layout_geoelf_diagonals, serial_shops, shop, nicolae_lakefront_shop,
          nicolae_shop_crystal, shop, nicolae_shop_trees, orc_legates,
          drop_trap, uniq_donald

Skill      XL: |  1  2  3  4  5  6  7  8  9 10 11 12 13 14 15 16 17 18 19 |
---------------+----------------------------------------------------------+-----
Shields        | 4 5 6 7 8 9 11 12 14 15 16 | 16.7
Fighting       | 4 5 6 8 9 10 11 13 14 15 16 | 16.7
Armour         | 4 5 6 7 8 10 11 12 13 14 15 16 | 16.7
Long Blades    | 3 4 5 7 9 12 13 15 17 18 | 18.1
Dodging        | 1 2 3 4 5 |  5.5
Axes           | 5 9 11 13 | 13.6
Stealth        | 1 2 3 4 |  4.0
Invocations    | 1 2 3 4 |  4.2
Polearms       | |  0.9

Action                   |  1- 3 |  4- 6 |  7- 9 | 10-12 | 13-15 | 16-18 | 19-21 || total
-------------------------+-------+-------+-------+-------+-------+-------+-------++-------
Melee: Long sword        |    75 |   142 |   365 |       |       |       |       ||   582
       Headbutt          |    10 |    21 |    63 |    90 |   264 |     5 |    55 ||   508
       Hand axe          |       |       |     8 |   363 |   137 |       |       ||   508
       Spear             |       |       |       |    14 |       |       |       ||    14
       Double sword      |       |       |       |       |   826 |    21 |   197 ||  1044
       War axe           |       |       |       |       |    35 |       |       ||    35
       Scimitar          |       |       |       |       |     8 |       |       ||     8
Invok: Heroism           |       |       |     5 |     4 |    19 |       |     5 ||    33
  Use: Potion            |     3 |     2 |     1 |     4 |     1 |     2 |     7 ||    20
       Scroll            |     2 |       |    17 |     6 |    11 |       |     3 ||    39
 Stab: Petrified         |       |       |       |     4 |       |       |       ||     4
       Distracted        |       |       |       |     5 |     5 |       |       ||    10
Armor: Scale mail        |    40 |       |       |       |       |       |       ||    40
       Chain mail        |       |    74 |   208 |       |       |       |       ||   282
       Plate armour      |       |     1 |    28 |   307 |   581 |     1 |    69 ||   987
Dodge: Dodged            |    51 |    47 |   124 |   113 |   311 |     2 |    54 ||   702
Block: Buckler           |    20 |    29 |   102 |     3 |       |       |       ||   154
       Kite shield       |       |       |       |   219 |   721 |     7 |   102 ||  1049
